 Dungeon Crawl Stone Soup version 0.25-a0-346-g140ab784a8 (webtiles) character file.

Game seed: 4192560895927182138, levelgen mode: deterministic

114 BritishOli the Slasher (level 4, -1/35 HPs)
             Began as a Demonspawn Gladiator on Jan 1, 2020.
             Slain by an orc priest
             ... wielding a +0 short sword of draining
              (6 damage)
             ... on level 3 of the Dungeon.
             The game lasted 00:02:16 (2508 turns).

BritishOli the Slasher (Demonspawn Gladiator)       Turns: 2508, Time: 00:02:16

Health: -1/35      AC:  4    Str: 11    XL:     4   Next: 67%
Magic:  4/4        EV: 12    Int: 10    God:
Gold:   147        SH:  0    Dex: 14    Spells: 3/3 levels left

rFire    . . .     SeeInvis .   a - +1 long sword
rCold    + . .     Gourm    .   (no shield)
rNeg     . . .     Faith    .   b - +1 leather armour
rPois    .         Spirit   .   (helmet restricted)
rElec    .         Reflect  .   (no cloak)
rCorr    .         Harm     .   (no gloves)
MR       .....                  (no boots)
Stlth    +.........             (no amulet)
HPRegen  0.11/turn              j - -4 ring of strength (curse)
MPRegen  0.09/turn              (no ring)

@: heavily drained
A: horns 1, cold resistance 1, freezing cloud immunity
a: no special abilities


You were on level 3 of the Dungeon.
You were very hungry.

You visited 1 branch of the dungeon, and saw 3 of its levels.

You collected 147 gold pieces.

Inventory:

Hand Weapons
 a - a +1 long sword (weapon)
Missiles
 d - 3 throwing nets (quivered)
 g - 7 javelins
Armour
 b - a +1 leather armour (worn)
 c - a +0 helmet
Jewellery
 j - a cursed -4 ring of strength (left hand)
Scrolls
 e - a scroll of enchant armour
 h - 2 scrolls of identify
 l - a scroll of amnesia
 m - a scroll of teleportation
 n - a scroll of enchant weapon
Potions
 i - 2 potions of curing
 k - a potion of heal wounds {unknown}
 o - a potion of invisibility {unknown}
Comestibles
 f - 2 rations


   Skills:
 + Level 3.2(1.9) Fighting
 + Level 3.5(2.2) Long Blades
 - Level 2.1(0.9) Throwing
 + Level 3.5(2.2) Dodging


You had 3 spell levels left.
You didn't know any spells.
Your spell library was empty.

Dungeon Overview and Level Annotations

Branches:
Dungeon (3/15)

Altars:
Nemelex Xobeh


Innate Abilities, Weirdness & Mutations

You have a pair of small horns on your head.
Your flesh is cold resistant. (rC+)
You are immune to freezing clouds.


Message History

The orc priest hits you with a +0 short sword of draining.
You feel drained.
You hit the orc priest but do no damage.
Your headbutt misses the orc priest.
The orc priest is severely wounded.
The orc priest barely misses you.
You hit the orc priest.
The orc priest is severely wounded.
The orc priest mumbles some strange prayers to Beogh against you.
Pain shoots through your body!
* * * LOW HITPOINT WARNING * * *
You barely miss the orc priest.
The orc priest is severely wounded.
The orc priest hits you but does no damage.
You feel drained.
The orc priest casts a cantrip, but nothing happens.
You barely miss the orc priest. Your headbutt misses the orc priest.
The orc priest is severely wounded.
The orc priest hits you with a +0 short sword of draining.
You die...

######
#.............#
##.#############
###..## #.....#
#######.....#
(...........#
#######.....###
# #....(..####.#
##...##...@o.#
#############


You could see an orc priest.

Vanquished Creatures
  3 adders
  An ooze (D:2)
  A worm (D:2)
  3 dart slugs
  4 leopard geckos
  2 orcs (D:3)
  A ball python (D:1)
  6 giant cockroaches
  9 goblins
  5 hobgoblins
  3 jackals (D:1)
  7 kobolds
  3 quokkas
  7 bats
  4 frilled lizards
  6 rats
65 creatures vanquished.

Notes
Turn   | Place    | Note
-------+----------+-------------------------------------------
     0 | D:1      | BritishOli the Demonspawn Gladiator began the quest for the
                  | Orb.
     0 | D:1      | Reached XP level 1. HP: 16/16 MP: 1/1
    59 | D:1      | Gained mutation: Your flesh is cold resistant. (rC+)
                  | [demonic ancestry]
    59 | D:1      | Reached XP level 2. HP: 20/22 MP: 2/2
   805 | D:1      | Gained mutation: You have a pair of small horns on your
                  | head. [demonic ancestry]
   805 | D:1      | Reached XP level 3. HP: 28/28 MP: 3/3
  1279 | D:2      | Gained mutation: You are immune to freezing clouds.
                  | [demonic ancestry]
  1279 | D:2      | Reached XP level 4. HP: 10/34 MP: 4/4
  1762 | D:2      | Found a sparkling altar of Nemelex Xobeh.
  1998 | D:3      | Found a faded altar of an unknown god.
  2508 | D:3      | Slain by an orc priest

Levels and vault maps discovered:
D:1:      dpeg_arrival_windows_large_door, layout_basic,
          minmay_misc_feat_pillars
D:2:      layout_rooms, lemuel_coloured_pillars_altar, serial_corexii_hall,
          corexii_hall_statues_l, chequers_hall_statues_wall_a
D:3:      minmay_door_path, layout_loops_ring, first_ration,
          chequers_ecumenical_altar_island

Skill      XL: |  1  2  3  4 |
---------------+-------------+-----
Throwing       | 2 |  2.1
Dodging        | 3 |  3.5
Long Blades    | 3 |  3.5
Fighting       | 3 |  3.2

Action                   |  1- 3 |  4- 6 || total
-------------------------+-------+-------++-------
Melee: Long sword        |   107 |    64 ||   171
       Headbutt          |     7 |     8 ||    15
  Use: Scroll            |     5 |     2 ||     7
 Stab: Sleeping          |     1 |       ||     1
  Eat: Chunk             |     1 |     3 ||     4
Armor: Leather armour    |    30 |    12 ||    42
Dodge: Dodged            |    82 |    61 ||   143
       Rpst.: Long sword |    23 |    16 ||    39

Table legend:
 A = Non-vault XP
 B = Vault XP
 C = Vault XP percentage of total XP
 D = Non-vault monster count
 E = Vault monster count
 F = Vault count percentage of total count
                 A         B        C        D         E       F
            +---------+---------+-------+---------+---------+-------
      Total |     163 |       1 |   0.6 |      64 |       1 |   1.5
            +---------+---------+-------+---------+---------+-------
        D:1 |      51 |       0 |   0.0 |      27 |       0 |   0.0
        D:2 |      76 |       0 |   0.0 |      22 |       0 |   0.0
        D:3 |      36 |       1 |   2.7 |      15 |       1 |   6.2
            +---------+---------+-------+---------+---------+-------
